AoeStats
← R.A.G.

Yucatan

510330025Analyzed
2v2 RM · 1d ago on Sep 30, 2026· 48m 26s· 4 players
Game mode
Random Map
Map size
Medium (4 player)
Population
200
Speed
Normal
Resources
Standard
Victory
Conquest
Starting age
Dark Age
Ending age
Imperial Age
RankedLock teamsTeams togetherTeam positionsShared explorationLock speedFull tech treeHidden civsTurbo modeCheats
Victory
Defeat
🇸🇪 Byzantines · Sweden
1083
+14
🇬🇧 Saxons · United Kingdom
1077
+13
🇺🇸 Franks · United States
1041
-14
🇩🇪 Vikings · Germany
1024
-30
Yudgers555
0:43 Loom
11:42 Feudal Age
12:10 Double-Bit Axe
12:51 Town Watch
19:19 Castle Age
18:15 Gold Mining
19:22 Stone Mining
22:08 Gold Shaft Mining
22:56 Bow Saw
31:14 Wheelbarrow
33:32 Scale Barding Armor
34:47 Scale Mail Armor
37:44 Hand Cart
40:51 Imperial Age
39:07 Chain Mail Armor
39:02 Forging
39:11 Squires
38:57 Gambesons
38:57 Arson
42:05 Conscription
42:21 Hoardings
41:09 Ordonnance Companies
41:56 Town Patrol
42:18 Chivalry
42:59 Chain Barding Armor
43:55 Iron Casting
43:11 Fletching
44:01 Husbandry
43:24 Cavalier
johannes-Hubertus
8:16 Loom
10:59 Feudal Age
15:32 Castle Age
14:14 Horse Collar
24:04 Heavy Plow
24:41 Stone Mining
24:42 Gold Mining
24:42 Double-Bit Axe
27:12 Scale Mail Armor
28:02 Gold Shaft Mining
28:51 Forging
28:41 Padded Archer Armor
38:30 Imperial Age
36:58 Ballistics
36:35 Murder Holes
37:23 Squires
37:09 Arson
38:27 Chain Mail Armor
38:48 Iron Casting
39:16 Elite Varangian Guard
Eazzyl
5:37 Loom
12:28 Feudal Age
17:06 Castle Age
14:57 Double-Bit Axe
15:09 Horse Collar
18:36 Bow Saw
23:33 Heavy Plow
24:53 Forging
25:56 Husbandry
26:57 Wheelbarrow
27:29 Scale Barding Armor
28:47 Chain Barding Armor
29:48 Iron Casting
29:55 Hand Cart
34:11 Imperial Age
34:23 Gold Mining
34:26 Stone Mining
36:00 Logistica
36:11 Conscription
35:24 Elite Cataphract
37:14 Plate Barding Armor
37:30 Hoardings
42:05 Fletching
42:16 Padded Archer Armor
43:30 Stone Shaft Mining
43:31 Gold Shaft Mining
R.A.G.
7:59 Loom
10:20 Feudal Age
15:03 Castle Age
14:32 Stone Mining
15:05 Gold Mining
16:25 Double-Bit Axe
17:22 Horse Collar
23:00 Heavy Plow
23:22 Bow Saw
24:08 Forging
23:59 Scale Mail Armor
24:34 Pikeman
25:16 Squires
25:02 Arson
32:09 Wheelbarrow
32:56 Town Watch
38:01 Hand Cart
41:25 Imperial Age
39:35 Caravan
40:49 Iron Casting
41:38 Halberdier
43:46 Conscription
44:46 Shield Wall
Connection lost

Rejoining the realm…

Still unreachable

The connection could not be restored.

Session expired

The server has moved on; the page needs a fresh start.